Punishers vs Tamiflu
Created - 7 décembre 2014 at 19:09
Goals
|
Punishers |
1 |
1 |
2 |
0 |
2 |
4 |
Tamiflu |
3 |
1 |
0 |
0 |
3 |
5 |
|
Shots
|
Punishers |
12 |
14 |
14 |
7 |
8 |
47 |
Tamiflu |
10 |
12 |
7 |
3 |
8 |
32 |
|
1st period
1. Tamiflu , Alex Picard 23 (Nate Thompson) at 3:33
2. Tamiflu , Petr Pohl 16 (Rich Clune) at 15:11
3. Punishers , Richard Zednik 7 (Brad Isbister, Éric Perrin) at 15:17
4. Tamiflu , Petr Pohl 17 (Rich Clune, Jonathan Sigalet) at 16:24
Penalties :
No Penalty
2nd period
5. Punishers , Tanner Glass 11 (Mike Grier) at 12:21 (PP)
6. Tamiflu , Petr Pohl 18 (Rich Clune) at 16:47
Penalties :
Rich Clune (Det) for Holding Stick (Minor) at 11:45, Brandon McMillan (Pro) for Tripping (Minor) at 17:31
3rd period
7. Punishers , Mike Grier 14 (Zach Jones, Tanner Glass) at 9:23
8. Punishers , Kris Chucko 13 (Casey Cizikas, Adam Pineault) at 12:37
Penalties :
Mattias Tedenby (Det) for Slashing (Minor) at 1:25, Rich Clune (Det) for Hooking (Minor) at 13:11
Overtime #1
No Goal
Penalties :
No Penalty
Shootout
Penalty Shot by Éric Perrin for Punishers - Stopped by Thomas Greiss
Penalty Shot by Nate Thompson for Tamiflu - Stopped by Kevin Poulin
Penalty Shot by Brad Isbister for Punishers - Goal!
Penalty Shot by Alex Picard for Tamiflu - Shot Misses the Net
Penalty Shot by Richard Zednik for Punishers - Stopped by Thomas Greiss
Penalty Shot by Greg Mauldin for Tamiflu - Goal!
Penalty Shot by Tanner Glass for Punishers - Shot Hit the Post
Penalty Shot by Carson Mcmillan for Tamiflu - Stopped by Kevin Poulin
Penalty Shot by Kris Chucko for Punishers - Stopped by Thomas Greiss
Penalty Shot by Petr Pohl for Tamiflu - Shot Misses the Net
Penalty Shot by Mike Grier for Punishers - Stopped by Thomas Greiss
Penalty Shot by Mattias Tedenby for Tamiflu - Shot Misses the Net
Penalty Shot by Adam Pineault for Punishers - Goal!
Penalty Shot by Jonathan Sigalet for Tamiflu - Goal!
Penalty Shot by Erik Condra for Punishers - Shot Misses the Net
Penalty Shot by Ben Hanowski for Tamiflu - Goal!
Penalties :
No Penalty
Goalie Stats
Kevin Poulin (Pro), 28 saves from 32 shots - (0,875), OTL, 9-4-3, 65:00 minutes
Thomas Greiss (Det), 43 saves from 47 shots - (0,915), W, 5-4-2, 65:00 minutes
Players Stats for Punishers
Player Name G A P +/- PIM S H SB GA TA FO MP PP MP PK MP
------------------------------------------------------------------------------------
Adam McQuaid 0 0 0 0 0 0 1 0 0 0 0/0 13:48 0:35 0:46
Adam Pineault 0 1 1 1 0 3 3 0 0 0 0/0 15:48 0:00 0:00
Brad Isbister 0 1 1 -2 0 3 3 0 1 0 1/2 23:56 3:11 1:02
Brandon McMillan 0 0 0 1 2 1 0 0 0 1 6/15 17:50 1:23 0:00
Casey Cizikas 0 1 1 1 0 0 2 1 0 0 1/3 13:09 0:00 0:00
Éric Perrin 0 1 1 -3 0 6 3 1 2 1 21/37 26:34 3:11 1:02
Erik Condra 0 0 0 -1 0 2 1 0 0 0 0/0 9:01 0:00 0:36
Jack Hillen 0 0 0 0 0 0 0 0 0 0 0/0 0:47 0:00 0:11
Jean-François Jacques 0 0 0 0 0 0 0 0 0 0 0/0 1:30 0:00 0:36
Jerry D'Amigo 0 0 0 0 0 0 0 0 0 0 0/0 0:12 0:00 0:00
Justin Falk 0 0 0 0 0 3 1 0 0 1 0/0 20:09 1:32 0:41
Keaton Ellerby 0 0 0 0 0 0 0 1 0 0 0/0 1:51 0:00 0:00
Kris Chucko 1 0 1 1 0 4 0 0 1 0 0/2 15:55 0:00 0:00
Mark Fraser 0 0 0 0 0 1 2 0 0 0 0/0 20:09 1:32 0:41
Mike Blunden 0 0 0 0 0 0 0 0 0 0 0/0 0:00 0:00 0:00
Mike Grier 1 1 2 1 0 4 2 1 0 0 0/0 17:24 1:23 0:00
Mike Weber 0 0 0 -1 0 1 4 1 0 0 0/0 26:52 2:27 0:00
Philippe Paradis 0 0 0 0 0 0 0 0 0 0 0/0 0:00 0:00 0:00
Radek Smolenak 0 0 0 -1 0 0 0 0 0 0 0/0 6:24 0:00 0:00
Richard Zednik 1 0 1 -2 0 5 0 1 2 0 0/0 21:35 3:11 0:21
Simon Despres 0 0 0 -1 0 0 2 0 0 0 0/0 7:39 0:00 0:00
Tanner Glass 1 1 2 1 0 6 4 1 2 0 1/2 18:42 1:23 0:21
Tom Gilbert 0 0 0 0 0 8 2 0 1 1 0/0 26:41 3:02 1:07
Troy Bodie 0 0 0 0 0 0 0 0 0 0 0/0 0:00 0:00 0:00
Zach Jones 0 1 1 0 0 0 1 0 0 0 0/0 12:04 0:00 0:32
Players Stats for Tamiflu
Player Name G A P +/- PIM S H SB GA TA FO MP PP MP PK MP
------------------------------------------------------------------------------------
Adam Henrique 0 0 0 0 0 0 0 1 0 0 3/5 14:12 0:16 0:00
Alex Picard 1 0 1 -1 0 2 1 3 0 0 1/3 26:12 0:56 3:28
Ben Hanowski 0 0 0 0 0 1 1 0 0 0 0/0 5:12 0:16 0:01
Carson Mcmillan 0 0 0 0 0 0 2 0 0 0 2/5 18:01 0:56 1:05
Casey Wellman 0 0 0 -1 0 0 0 1 0 0 1/3 9:37 0:00 0:00
Cody Goloubef 0 0 0 -1 0 0 0 0 0 0 0/0 6:31 0:00 0:00
Greg Mauldin 0 0 0 2 0 8 1 1 0 1 5/10 21:09 0:47 1:05
Johan Fransson 0 0 0 1 0 0 0 0 1 1 0/0 20:21 0:57 1:44
Jonathan Sigalet 0 1 1 1 0 2 0 2 1 0 0/0 26:48 1:02 2:50
Jordan Hendry 0 0 0 1 0 4 0 1 1 3 0/0 26:48 1:02 2:50
Kyle Lawson 0 0 0 0 0 0 2 0 0 0 0/0 11:20 0:00 0:00
Mattias Tedenby 0 0 0 -1 2 1 0 0 0 0 0/0 12:05 0:00 0:01
Mike Duco 0 0 0 0 0 3 0 0 0 0 0/0 13:45 0:16 0:00
Nate Thompson 0 1 1 0 0 3 2 0 0 2 18/34 27:39 0:56 3:28
Nathan Oystrick 0 0 0 1 0 0 1 2 1 1 0/0 20:21 0:57 1:44
Petr Pohl 3 0 3 2 0 6 0 0 0 1 0/0 17:40 0:47 0:00
Philip Samuelsson 0 0 0 0 0 1 0 1 0 0 0/0 11:20 0:00 0:00
Philippe Dupuis 0 0 0 0 0 0 0 0 0 0 0/0 0:37 0:00 0:00
Rich Clune 0 3 3 2 4 1 3 0 0 0 1/1 19:14 0:47 0:00
Stefan Elliott 0 0 0 0 0 0 0 0 0 0 0/0 0:00 0:00 0:00
Teemu Laakso 0 0 0 -1 0 0 0 0 0 0 0/0 6:31 0:00 0:00
Teigan Zahn 0 0 0 0 0 0 0 0 0 0 0/0 0:00 0:00 0:00
3 Stars
1 - Petr Pohl (Det)
2 - Tanner Glass (Pro)
3 - Mike Grier (Pro)
Power Play
Punishers - 1 on 3 Attempt(s) - 33,33%
Tamiflu - 0 on 1 Attempt(s) - 0,00%
Penalty Kill
Punishers - 1 on 1 Attempt(s) - 100,00%
- Score 0 goal in Penalty Kill
Tamiflu - 2 on 3 Attempt(s) - 66,67%
- Score 0 goal in Penalty Kill
Official
Referees : Kozari Steve and Banfield David
Linesman : Tim Nowak and Andy McElman
Game Notes
Keaton Ellerby is injured at 3:31 of 1st period (Left Knee)
Petr Pohl has scored a Hat Trick!
12:37 of 3rd period - Punishers goal is going for a video replay. After video review, Goal.
Finance
Level 1 -- Attendance: 1483 (74,15%) -- Ticket Income 44 490 $
Level 2 -- Attendance: 695 (69,50%) -- Ticket Income 8 340 $
Total Attendance: 2178 (72,60%)
Total Ticket Income: 52 830 $
Other Income: 2 642 $
Total Income: 55 472 $
Punishers
5 vs 5 Forward
Center Left Wing Right Wing Time % Phy DF OF
1 Éric Perrin Brad Isbister Richard Zednik 40 1 2 2
2 Brandon McMillan Tanner Glass Mike Grier 30 1 2 2
3 Casey Cizikas Kris Chucko Adam Pineault 20 1 2 2
4 Éric Perrin Radek Smolenak Erik Condra 10 1 2 2
5 vs 5 Defense
Defense Defense Time % Phy DF OF
1 Tom Gilbert Keaton Ellerby 40 1 2 2
2 Mark Fraser Justin Falk 30 1 2 2
3 Mike Weber Adam McQuaid 20 1 2 2
4 Zach Jones Simon Despres 10 1 2 2
PowerPlay Forward
Center Left Wing Right Wing Time % Phy DF OF
1 Éric Perrin Brad Isbister Richard Zednik 60 1 2 2
2 Brandon McMillan Tanner Glass Mike Grier 40 1 2 2
PowerPlay Defense
Defense Defense Time % Phy DF OF
1 Tom Gilbert Keaton Ellerby 60 1 2 2
2 Mark Fraser Justin Falk 40 1 2 2
Penalty Kill 4 Players Forward
Center Wing Time % Phy DF OF
1 Éric Perrin Brad Isbister 60 1 2 2
2 Richard Zednik Tanner Glass 40 1 2 2
Penalty Kill 4 Players Defense
Defense Defense Time % Phy DF OF
1 Tom Gilbert Keaton Ellerby 60 1 2 2
2 Mark Fraser Justin Falk 40 1 2 2
Penalty Kill - 3 Players Forward
Forward Time % Phy DF OF
1 Éric Perrin 60 1 2 2
2 Brad Isbister 40 1 2 2
Penalty Kill - 3 Players Defense
Defense Defense Time % Phy DF OF
1 Tom Gilbert Keaton Ellerby 60 1 2 2
2 Mark Fraser Justin Falk 40 1 2 2
4 vs 4 Forward
Center Wing Time % Phy DF OF
1 Éric Perrin Brad Isbister 60 1 2 2
2 Richard Zednik Tanner Glass 40 1 2 2
4 vs 4 Defense
Defense Defense Time % Phy DF OF
1 Tom Gilbert Keaton Ellerby 60 1 2 2
2 Mark Fraser Justin Falk 40 1 2 2
Last Minutes Offensive
Center Left Wing Right Wing Defense Defense
Éric Perrin Brad Isbister Richard Zednik Tom Gilbert Keaton Ellerby
Last Minutes Defensive
Center Left Wing Right Wing Defense Defense
Éric Perrin Brad Isbister Richard Zednik Tom Gilbert Keaton Ellerby
Goaltenders
Starting : Kevin Poulin
Backup : Anton Khudobin
Extra Forwards
Normal : Kris Chucko, Adam Pineault, Erik Condra - PP : Kris Chucko, Adam Pineault - PK : Erik Condra
Extra Defensemen
Normal : Mike Weber, Adam McQuaid, Zach Jones - PP : Mike Weber - PK : Adam McQuaid, Zach Jones
Penalty Shots
Éric Perrin, Brad Isbister, Richard Zednik, Tanner Glass, Kris Chucko
Tamiflu
5 vs 5 Forward
Center Left Wing Right Wing Time % Phy DF OF
1 Nate Thompson Alex Picard Carson Mcmillan 40 1 2 2
2 Greg Mauldin Rich Clune Petr Pohl 30 1 2 2
3 Adam Henrique Nate Thompson Mike Duco 20 1 2 2
4 Casey Wellman Alex Picard Mattias Tedenby 10 1 2 2
5 vs 5 Defense
Defense Defense Time % Phy DF OF
1 Jonathan Sigalet Jordan Hendry 40 1 2 2
2 Nathan Oystrick Johan Fransson 30 1 2 2
3 Philip Samuelsson Kyle Lawson 20 1 2 2
4 Cody Goloubef Teemu Laakso 10 1 2 2
PowerPlay Forward
Center Left Wing Right Wing Time % Phy DF OF
1 Nate Thompson Alex Picard Carson Mcmillan 60 1 2 2
2 Greg Mauldin Rich Clune Petr Pohl 40 1 2 2
PowerPlay Defense
Defense Defense Time % Phy DF OF
1 Jonathan Sigalet Jordan Hendry 60 1 2 2
2 Nathan Oystrick Johan Fransson 40 1 2 2
Penalty Kill 4 Players Forward
Center Wing Time % Phy DF OF
1 Nate Thompson Alex Picard 60 1 2 2
2 Greg Mauldin Carson Mcmillan 40 1 2 2
Penalty Kill 4 Players Defense
Defense Defense Time % Phy DF OF
1 Jonathan Sigalet Jordan Hendry 60 1 2 2
2 Nathan Oystrick Johan Fransson 40 1 2 2
Penalty Kill - 3 Players Forward
Forward Time % Phy DF OF
1 Nate Thompson 60 1 2 2
2 Alex Picard 40 1 2 2
Penalty Kill - 3 Players Defense
Defense Defense Time % Phy DF OF
1 Jonathan Sigalet Jordan Hendry 60 1 2 2
2 Nathan Oystrick Johan Fransson 40 1 2 2
4 vs 4 Forward
Center Wing Time % Phy DF OF
1 Nate Thompson Alex Picard 60 1 2 2
2 Greg Mauldin Carson Mcmillan 40 1 2 2
4 vs 4 Defense
Defense Defense Time % Phy DF OF
1 Jonathan Sigalet Jordan Hendry 60 1 2 2
2 Nathan Oystrick Johan Fransson 40 1 2 2
Last Minutes Offensive
Center Left Wing Right Wing Defense Defense
Nate Thompson Alex Picard Carson Mcmillan Jonathan Sigalet Jordan Hendry
Last Minutes Defensive
Center Left Wing Right Wing Defense Defense
Nate Thompson Alex Picard Carson Mcmillan Jonathan Sigalet Jordan Hendry
Goaltenders
Starting : Thomas Greiss
Backup : Joe Fallon
Extra Forwards
Normal : Adam Henrique, Mike Duco, Mattias Tedenby - PP : Adam Henrique, Mike Duco - PK : Mattias Tedenby
Extra Defensemen
Normal : Philip Samuelsson, Kyle Lawson, Cody Goloubef - PP : Philip Samuelsson - PK : Kyle Lawson, Cody Goloubef
Penalty Shots
Nate Thompson, Alex Picard, Greg Mauldin, Carson Mcmillan, Petr Pohl
% Time on Ice - Punishers
Lines # - Real PCT - Wanted PCT - Time Play
Normal Forward
1 - 34% - 40% - 18:06
2 - 33% - 30% - 17:28
3 - 21% - 20% - 11:29
4 - 12% - 10% - 6:24
Normal Defense
1 - 37% - 40% - 19:57
2 - 30% - 30% - 16:02
3 - 18% - 20% - 9:49
4 - 14% - 10% - 7:39
PP Forward
1 - 70% - 60% - 3:11
2 - 30% - 40% - 1:23
PP Defense
1 - 66% - 60% - 3:02
2 - 34% - 40% - 1:32
PK Forward
1 - 82% - 60% - 1:38
2 - 18% - 40% - 0:21
PK Defense
1 - 66% - 60% - 1:18
2 - 34% - 40% - 0:41
PK3 Forward
1 - 0% - 60%
2 - 0% - 40%
PK3 Defense
1 - 0% - 60%
2 - 0% - 40%
44 Forward
1 - 82% - 60% - 4:05
2 - 18% - 40% - 0:55
44 Defense
1 - 62% - 60% - 3:06
2 - 38% - 40% - 1:54
Last Minute Offensive - 0:00
Last Minute Defensive - 0:00
Total
Forward - 65:00
Defense - 65:00
|
% Time on Ice - Tamiflu
Lines # - Real PCT - Wanted PCT - Time Play
Normal Forward
1 - 29% - 40% - 15:26
2 - 34% - 30% - 18:07
3 - 19% - 20% - 10:17
4 - 18% - 10% - 9:37
Normal Defense
1 - 38% - 40% - 20:34
2 - 29% - 30% - 15:39
3 - 20% - 20% - 10:43
4 - 12% - 10% - 6:31
PP Forward
1 - 61% - 60% - 1:12
2 - 39% - 40% - 0:47
PP Defense
1 - 52% - 60% - 1:02
2 - 48% - 40% - 0:57
PK Forward
1 - 76% - 60% - 3:29
2 - 24% - 40% - 1:05
PK Defense
1 - 62% - 60% - 2:50
2 - 38% - 40% - 1:44
PK3 Forward
1 - 0% - 60%
2 - 0% - 40%
PK3 Defense
1 - 0% - 60%
2 - 0% - 40%
44 Forward
1 - 69% - 60% - 3:27
2 - 31% - 40% - 1:33
44 Defense
1 - 60% - 60% - 2:59
2 - 40% - 40% - 2:01
Last Minute Offensive - 0:00
Last Minute Defensive - 0:00
Total
Forward - 65:00
Defense - 65:00
|
Play by Play
1st period
0:01 of 1st period - Nate Thompson wins face-off versus Éric Perrin in neutral zone.
0:30 of 1st period - Slapshot by Greg Mauldin.
0:30 of 1st period - Shot Blocked by Mike Grier.
1:29 of 1st period - Backhand shot by Greg Mauldin.
1:29 of 1st period - Stopped by Kevin Poulin with a rebound.
1:58 of 1st period - Off-side.
1:59 of 1st period - Casey Cizikas wins face-off versus Greg Mauldin in neutral zone.
2:18 of 1st period - Rich Clune is hit by Casey Cizikas and loses puck.
2:38 of 1st period - Wrist shot by Adam Pineault.
2:38 of 1st period - Stopped by Thomas Greiss with a rebound.
3:25 of 1st period - Slapshot by Philip Samuelsson.
3:25 of 1st period - Shot Blocked by Casey Cizikas.
3:27 of 1st period - Snap shot by Greg Mauldin.
3:27 of 1st period - Stopped by Kevin Poulin with a rebound.
3:29 of 1st period - Slapshot by Philip Samuelsson.
3:29 of 1st period - Stopped by Kevin Poulin with a rebound.
3:31 of 1st period - Slapshot by Philip Samuelsson.
3:31 of 1st period - Shot Blocked by Keaton Ellerby.
3:31 of 1st period - Keaton Ellerby from Punishers is injured at 3:31 of 1st period (Left Knee).
3:32 of 1st period - Nate Thompson wins face-off versus Éric Perrin in Punishers zone.
3:33 of 1st period - Wrist shot by Alex Picard.
3:33 of 1st period - Goal by Alex Picard - Punishers : 0 - Tamiflu : 1.
3:34 of 1st period - Nate Thompson wins face-off versus Éric Perrin in neutral zone.
3:37 of 1st period - Wrist shot by Alex Picard.
3:37 of 1st period - Shot Misses the Net.
3:45 of 1st period - Snap shot by Richard Zednik.
3:45 of 1st period - Shot Misses the Net.
3:47 of 1st period - Wrist shot by Richard Zednik.
3:47 of 1st period - Shot Misses the Net.
3:49 of 1st period - Wrist shot by Mark Fraser.
3:49 of 1st period - Deflect By Carson Mcmillan.
3:49 of 1st period - Stopped by Thomas Greiss with a rebound.
4:04 of 1st period - Snap shot by Tanner Glass.
4:04 of 1st period - Shot Misses the Net.
4:35 of 1st period - Alex Picard is hit by Adam McQuaid and loses puck.
5:38 of 1st period - Snap shot by Éric Perrin.
5:38 of 1st period - Shot Misses the Net.
6:25 of 1st period - Mike Grier is hit by Rich Clune and loses puck.
6:54 of 1st period - Mattias Tedenby is hit by Mike Weber and loses puck.
9:50 of 1st period - Cody Goloubef is hit by Mike Grier.
9:56 of 1st period - Jonathan Sigalet is hit by Tanner Glass and loses puck.
10:43 of 1st period - Nathan Oystrick is hit by Tanner Glass and loses puck.
10:50 of 1st period - Philip Samuelsson is hit by Mike Grier and loses puck.
11:11 of 1st period - Adam Pineault is hit by Greg Mauldin and loses puck.
11:22 of 1st period - Snap shot by Kris Chucko.
11:22 of 1st period - Stopped by Thomas Greiss with a rebound.
12:32 of 1st period - Kris Chucko is hit by Nate Thompson and loses puck.
14:57 of 1st period - Wrist shot by Adam Pineault.
14:57 of 1st period - Stopped by Thomas Greiss without a rebound.
14:58 of 1st period - Adam Henrique wins face-off versus Casey Cizikas in Tamiflu zone.
15:09 of 1st period - Snap shot by Petr Pohl.
15:09 of 1st period - Stopped by Kevin Poulin with a rebound.
15:11 of 1st period - Snap shot by Petr Pohl.
15:11 of 1st period - Goal by Petr Pohl - Punishers : 0 - Tamiflu : 2.
15:12 of 1st period - Éric Perrin wins face-off versus Nate Thompson in neutral zone.
15:17 of 1st period - Wrist shot by Richard Zednik.
15:17 of 1st period - Goal by Richard Zednik - Punishers : 1 - Tamiflu : 2.
15:18 of 1st period - Éric Perrin wins face-off versus Carson Mcmillan in neutral zone.
15:30 of 1st period - Wrist shot by Brad Isbister.
15:30 of 1st period - Shot Blocked by Alex Picard.
15:32 of 1st period - Snap shot by Éric Perrin.
15:32 of 1st period - Stopped by Thomas Greiss without a rebound.
15:33 of 1st period - Nate Thompson wins face-off versus Éric Perrin in Tamiflu zone.
15:46 of 1st period - Wrist shot by Richard Zednik.
15:46 of 1st period - Stopped by Thomas Greiss without a rebound.
15:47 of 1st period - Brandon McMillan wins face-off versus Nate Thompson in Tamiflu zone.
15:48 of 1st period - Snap shot by Tanner Glass.
15:48 of 1st period - Shot Blocked by Jordan Hendry.
15:50 of 1st period - Slapshot by Brandon McMillan.
15:50 of 1st period - Stopped by Thomas Greiss without a rebound.
15:51 of 1st period - Nate Thompson wins face-off versus Tanner Glass in Tamiflu zone.
16:16 of 1st period - Backhand shot by Petr Pohl.
16:16 of 1st period - Shot Blocked by Mike Weber.
16:18 of 1st period - Slapshot by Jordan Hendry.
16:18 of 1st period - Stopped by Kevin Poulin with a rebound.
16:20 of 1st period - Backhand shot by Jonathan Sigalet.
16:20 of 1st period - Shot Blocked by Richard Zednik.
16:22 of 1st period - Wrist shot by Rich Clune.
16:22 of 1st period - Stopped by Kevin Poulin with a rebound.
16:24 of 1st period - Snap shot by Petr Pohl.
16:24 of 1st period - Goal by Petr Pohl - Punishers : 1 - Tamiflu : 3.
16:25 of 1st period - Nate Thompson wins face-off versus Éric Perrin in neutral zone.
17:39 of 1st period - Snap shot by Éric Perrin.
17:39 of 1st period - Stopped by Thomas Greiss without a rebound.
17:40 of 1st period - Brandon McMillan wins face-off versus Greg Mauldin in Tamiflu zone.
17:49 of 1st period - Snap shot by Mike Grier.
17:49 of 1st period - Shot Misses the Net.
17:51 of 1st period - Wrist shot by Justin Falk.
17:51 of 1st period - Stopped by Thomas Greiss without a rebound.
17:52 of 1st period - Éric Perrin wins face-off versus Alex Picard in Tamiflu zone.
17:53 of 1st period - Wrist shot by Brad Isbister.
17:53 of 1st period - Shot Blocked by Jonathan Sigalet.
17:55 of 1st period - Slapshot by Justin Falk.
17:55 of 1st period - Deflect By Brad Isbister.
17:55 of 1st period - Shot Misses the Net.
17:55 of 1st period - Puck is out of play.
17:56 of 1st period - Carson Mcmillan wins face-off versus Éric Perrin in Tamiflu zone.
17:56 of 1st period - Carson Mcmillan is hit by Brad Isbister.
17:59 of 1st period - Icing by Alex Picard.
18:00 of 1st period - Éric Perrin wins face-off versus Nate Thompson in Tamiflu zone.
18:01 of 1st period - Wrist shot by Brad Isbister.
18:01 of 1st period - Shot Misses the Net.
18:03 of 1st period - Slapshot by Éric Perrin.
18:03 of 1st period - Shot Blocked by Alex Picard.
18:33 of 1st period - Wrist shot by Greg Mauldin.
18:33 of 1st period - Stopped by Kevin Poulin without a rebound.
18:34 of 1st period - Alex Picard wins face-off versus Éric Perrin in Punishers zone.
19:50 of 1st period - Snap shot by Erik Condra.
19:50 of 1st period - Stopped by Thomas Greiss with a rebound.
19:52 of 1st period - Wrist shot by Mark Fraser.
19:52 of 1st period - Shot Misses the Net.
19:54 of 1st period - Snap shot by Erik Condra.
19:54 of 1st period - Stopped by Thomas Greiss without a rebound.
19:55 of 1st period - Greg Mauldin wins face-off versus Brandon McMillan in Tamiflu zone.
Goals for this period are 1 for Punishers vs 3 for Tamiflu.
Shots for this period are 12 for Punishers vs 10 for Tamiflu.
2nd period
0:01 of 2nd period - Éric Perrin wins face-off versus Nate Thompson in neutral zone.
0:20 of 2nd period - Jordan Hendry is hit by Éric Perrin and loses puck.
0:37 of 2nd period - Snap shot by Petr Pohl.
0:37 of 2nd period - Stopped by Kevin Poulin with a rebound.
0:39 of 2nd period - Slapshot by Jonathan Sigalet.
0:39 of 2nd period - Shot Blocked by Tanner Glass.
0:41 of 2nd period - Snap shot by Greg Mauldin.
0:41 of 2nd period - Shot Misses the Net.
0:43 of 2nd period - Slapshot by Jonathan Sigalet.
0:43 of 2nd period - Stopped by Kevin Poulin without a rebound.
0:44 of 2nd period - Adam Henrique wins face-off versus Casey Cizikas in Punishers zone.
1:16 of 2nd period - Snap shot by Richard Zednik.
1:16 of 2nd period - Deflect By Brad Isbister.
1:16 of 2nd period - Shot Hit the Post.
1:16 of 2nd period - Puck is out of play.
1:17 of 2nd period - Brandon McMillan wins face-off versus Carson Mcmillan in Tamiflu zone.
1:28 of 2nd period - Snap shot by Tanner Glass.
1:28 of 2nd period - Stopped by Thomas Greiss without a rebound.
1:29 of 2nd period - Carson Mcmillan wins face-off versus Éric Perrin in Tamiflu zone.
2:03 of 2nd period - Wrist shot by Nate Thompson.
2:03 of 2nd period - Stopped by Kevin Poulin without a rebound.
2:04 of 2nd period - Éric Perrin wins face-off versus Greg Mauldin in Punishers zone.
2:15 of 2nd period - Snap shot by Richard Zednik.
2:15 of 2nd period - Shot Misses the Net.
2:17 of 2nd period - Wrist shot by Brad Isbister.
2:17 of 2nd period - Stopped by Thomas Greiss without a rebound.
2:18 of 2nd period - Greg Mauldin wins face-off versus Brad Isbister in Tamiflu zone.
2:31 of 2nd period - Off-side.
2:32 of 2nd period - Éric Perrin wins face-off versus Carson Mcmillan in neutral zone.
2:37 of 2nd period - Wrist shot by Brad Isbister.
2:37 of 2nd period - Shot Misses the Net.
2:39 of 2nd period - Snap shot by Brad Isbister.
2:39 of 2nd period - Shot Misses the Net.
2:41 of 2nd period - Slapshot by Tom Gilbert.
2:41 of 2nd period - Shot Misses the Net.
3:02 of 2nd period - Slapshot by Tanner Glass.
3:02 of 2nd period - Stopped by Thomas Greiss without a rebound.
3:03 of 2nd period - Brandon McMillan wins face-off versus Nate Thompson in Tamiflu zone.
3:53 of 2nd period - Brad Isbister is hit by Kyle Lawson and loses puck.
4:10 of 2nd period - Nate Thompson is hit by Justin Falk and loses puck.
4:25 of 2nd period - Slapshot by Petr Pohl.
4:25 of 2nd period - Shot Misses the Net.
5:02 of 2nd period - Greg Mauldin is hit by Casey Cizikas.
6:02 of 2nd period - Petr Pohl is hit by Simon Despres and loses puck.
6:25 of 2nd period - Mattias Tedenby is hit by Adam Pineault.
6:43 of 2nd period - Éric Perrin is hit by Rich Clune and loses puck.
7:07 of 2nd period - Slapshot by Tom Gilbert.
7:07 of 2nd period - Stopped by Thomas Greiss with a rebound.
7:25 of 2nd period - Johan Fransson is hit by Adam Pineault and loses puck.
7:38 of 2nd period - Wrist shot by Mike Grier.
7:38 of 2nd period - Stopped by Thomas Greiss with a rebound.
8:56 of 2nd period - Icing by Richard Zednik.
8:57 of 2nd period - Brandon McMillan wins face-off versus Casey Wellman in Punishers zone.
9:02 of 2nd period - Mattias Tedenby is hit by Tanner Glass and loses puck.
9:07 of 2nd period - Wrist shot by Tanner Glass.
9:07 of 2nd period - Shot Misses the Net.
11:45 of 2nd period - Minor Penalty to Rich Clune for Holding Stick.
11:46 of 2nd period - Nate Thompson wins face-off versus Éric Perrin in Tamiflu zone.
12:15 of 2nd period - Backhand shot by Tanner Glass.
12:15 of 2nd period - Deflect By Mike Grier.
12:15 of 2nd period - Shot Misses the Net.
12:15 of 2nd period - Puck is out of play.
12:16 of 2nd period - Nate Thompson wins face-off versus Brandon McMillan in Tamiflu zone.
12:21 of 2nd period - Wrist shot by Tanner Glass.
12:21 of 2nd period - Goal by Tanner Glass - Punishers : 2 - Tamiflu : 3.
12:22 of 2nd period - Éric Perrin wins face-off versus Nate Thompson in neutral zone.
12:51 of 2nd period - Snap shot by Greg Mauldin.
12:51 of 2nd period - Stopped by Kevin Poulin with a rebound.
12:53 of 2nd period - Slapshot by Jordan Hendry.
12:53 of 2nd period - Stopped by Kevin Poulin with a rebound.
12:55 of 2nd period - Slapshot by Jordan Hendry.
12:55 of 2nd period - Stopped by Kevin Poulin with a rebound.
12:57 of 2nd period - Wrist shot by Greg Mauldin.
12:57 of 2nd period - Shot Misses the Net.
13:27 of 2nd period - Mike Weber is hit by Alex Picard and loses puck.
14:01 of 2nd period - Snap shot by Éric Perrin.
14:01 of 2nd period - Deflect By Mike Duco.
14:01 of 2nd period - Shot Misses the Net.
14:01 of 2nd period - Puck is out of play.
14:02 of 2nd period - Brandon McMillan wins face-off versus Adam Henrique in Tamiflu zone.
14:13 of 2nd period - Snap shot by Mike Grier.
14:13 of 2nd period - Shot Misses the Net.
14:15 of 2nd period - Slapshot by Justin Falk.
14:15 of 2nd period - Stopped by Thomas Greiss with a rebound.
14:17 of 2nd period - Wrist shot by Mike Grier.
14:17 of 2nd period - Stopped by Thomas Greiss with a rebound.
14:27 of 2nd period - Mike Duco is hit by Mark Fraser and loses puck.
14:34 of 2nd period - Wrist shot by Kris Chucko.
14:34 of 2nd period - Stopped by Thomas Greiss without a rebound.
14:35 of 2nd period - Éric Perrin wins face-off versus Greg Mauldin in Tamiflu zone.
14:55 of 2nd period - Icing by Éric Perrin.
14:56 of 2nd period - Nate Thompson wins face-off versus Éric Perrin in Punishers zone.
15:05 of 2nd period - Alex Picard is hit by Éric Perrin.
15:11 of 2nd period - Wrist shot by Richard Zednik.
15:11 of 2nd period - Stopped by Thomas Greiss with a rebound.
15:13 of 2nd period - Snap shot by Tom Gilbert.
15:13 of 2nd period - Deflect By Nate Thompson.
15:13 of 2nd period - Stopped by Thomas Greiss with a rebound.
15:15 of 2nd period - Wrist shot by Brad Isbister.
15:15 of 2nd period - Shot Misses the Net.
15:17 of 2nd period - Snap shot by Brad Isbister.
15:17 of 2nd period - Stopped by Thomas Greiss with a rebound.
15:19 of 2nd period - Slapshot by Éric Perrin.
15:19 of 2nd period - Stopped by Thomas Greiss without a rebound.
15:20 of 2nd period - Greg Mauldin wins face-off versus Brandon McMillan in Tamiflu zone.
15:29 of 2nd period - Snap shot by Greg Mauldin.
15:29 of 2nd period - Stopped by Kevin Poulin with a rebound.
15:31 of 2nd period - Snap shot by Greg Mauldin.
15:31 of 2nd period - Stopped by Kevin Poulin with a rebound.
15:45 of 2nd period - Casey Wellman is hit by Adam Pineault.
15:53 of 2nd period - Snap shot by Mattias Tedenby.
15:53 of 2nd period - Stopped by Kevin Poulin with a rebound.
16:13 of 2nd period - Snap shot by Éric Perrin.
16:13 of 2nd period - Shot Misses the Net.
16:23 of 2nd period - Jordan Hendry is hit by Tom Gilbert.
16:45 of 2nd period - Wrist shot by Nate Thompson.
16:45 of 2nd period - Stopped by Kevin Poulin without a rebound.
16:46 of 2nd period - Rich Clune wins face-off versus Éric Perrin in Punishers zone.
16:47 of 2nd period - Slapshot by Petr Pohl.
16:47 of 2nd period - Goal by Petr Pohl - Punishers : 2 - Tamiflu : 4.
16:48 of 2nd period - Nate Thompson wins face-off versus Éric Perrin in neutral zone.
16:51 of 2nd period - Éric Perrin is hit by Carson Mcmillan.
17:15 of 2nd period - Nathan Oystrick is hit by Tanner Glass and loses puck.
17:20 of 2nd period - Snap shot by Tanner Glass.
17:20 of 2nd period - Stopped by Thomas Greiss without a rebound.
17:21 of 2nd period - Greg Mauldin wins face-off versus Brandon McMillan in Tamiflu zone.
17:21 of 2nd period - Greg Mauldin is hit by Mark Fraser.
17:29 of 2nd period - Wrist shot by Greg Mauldin.
17:29 of 2nd period - Shot Misses the Net.
17:31 of 2nd period - Minor Penalty to Brandon McMillan for Tripping.
17:32 of 2nd period - Éric Perrin wins face-off versus Nate Thompson in Punishers zone.
18:03 of 2nd period - Snap shot by Petr Pohl.
18:03 of 2nd period - Stopped by Kevin Poulin with a rebound.
18:13 of 2nd period - Justin Falk is hit by Rich Clune and loses puck.
19:18 of 2nd period - Erik Condra is hit by Ben Hanowski and loses puck.
19:29 of 2nd period - Éric Perrin is hit by Nathan Oystrick and loses puck.
19:31 of 2nd period - Penalty to Brandon McMillan is over, Brandon McMillan is back on ice.
19:48 of 2nd period - Snap shot by Éric Perrin.
19:48 of 2nd period - Shot Blocked by Casey Wellman.
Goals for this period are 1 for Punishers vs 1 for Tamiflu.
Shots for this period are 14 for Punishers vs 12 for Tamiflu.
3rd period
0:01 of 3rd period - Nate Thompson wins face-off versus Éric Perrin in neutral zone.
0:12 of 3rd period - Snap shot by Alex Picard.
0:12 of 3rd period - Stopped by Kevin Poulin with a rebound.
0:14 of 3rd period - Slapshot by Jordan Hendry.
0:14 of 3rd period - Stopped by Kevin Poulin without a rebound.
0:15 of 3rd period - Nate Thompson wins face-off versus Brandon McMillan in Punishers zone.
1:17 of 3rd period - Icing by Kris Chucko.
1:18 of 3rd period - Tanner Glass wins face-off versus Casey Wellman in Punishers zone.
1:18 of 3rd period - Tanner Glass is hit by Kyle Lawson.
1:25 of 3rd period - Minor Penalty to Mattias Tedenby for Slashing.
1:26 of 3rd period - Éric Perrin wins face-off versus Nate Thompson in Tamiflu zone.
1:31 of 3rd period - Wrist shot by Tom Gilbert.
1:31 of 3rd period - Shot Misses the Net.
1:51 of 3rd period - Alex Picard is hit by Mike Weber and loses puck.
1:56 of 3rd period - Wrist shot by Mike Grier.
1:56 of 3rd period - Stopped by Thomas Greiss with a rebound.
1:58 of 3rd period - Snap shot by Mike Grier.
1:58 of 3rd period - Shot Blocked by Alex Picard.
2:00 of 3rd period - Snap shot by Tanner Glass.
2:00 of 3rd period - Stopped by Thomas Greiss without a rebound.
2:01 of 3rd period - Éric Perrin wins face-off versus Nate Thompson in Tamiflu zone.
2:02 of 3rd period - Snap shot by Richard Zednik.
2:02 of 3rd period - Shot Blocked by Nathan Oystrick.
2:04 of 3rd period - Backhand shot by Richard Zednik.
2:04 of 3rd period - Shot Misses the Net.
2:06 of 3rd period - Wrist shot by Richard Zednik.
2:06 of 3rd period - Shot Misses the Net.
2:08 of 3rd period - Slapshot by Mark Fraser.
2:08 of 3rd period - Shot Blocked by Nathan Oystrick.
2:10 of 3rd period - Snap shot by Éric Perrin.
2:10 of 3rd period - Stopped by Thomas Greiss without a rebound.
2:11 of 3rd period - Éric Perrin wins face-off versus Nate Thompson in Tamiflu zone.
2:46 of 3rd period - Wrist shot by Richard Zednik.
2:46 of 3rd period - Stopped by Thomas Greiss with a rebound.
2:48 of 3rd period - Wrist shot by Richard Zednik.
2:48 of 3rd period - Stopped by Thomas Greiss with a rebound.
3:02 of 3rd period - Slapshot by Tom Gilbert.
3:02 of 3rd period - Shot Blocked by Greg Mauldin.
3:04 of 3rd period - Slapshot by Brad Isbister.
3:04 of 3rd period - Stopped by Thomas Greiss with a rebound.
3:06 of 3rd period - Wrist shot by Brad Isbister.
3:06 of 3rd period - Shot Blocked by Jonathan Sigalet.
3:08 of 3rd period - Wrist shot by Brad Isbister.
3:08 of 3rd period - Shot Misses the Net.
3:10 of 3rd period - Slapshot by Éric Perrin.
3:10 of 3rd period - Stopped by Thomas Greiss without a rebound.
3:11 of 3rd period - Nate Thompson wins face-off versus Brandon McMillan in Tamiflu zone.
3:22 of 3rd period - Slapshot by Tom Gilbert.
3:22 of 3rd period - Stopped by Thomas Greiss without a rebound.
3:23 of 3rd period - Nate Thompson wins face-off versus Brandon McMillan in Tamiflu zone.
3:25 of 3rd period - Penalty to Mattias Tedenby is over, Mattias Tedenby is back on ice.
4:48 of 3rd period - Philip Samuelsson is hit by Simon Despres and loses puck.
5:48 of 3rd period - Snap shot by Adam Pineault.
5:48 of 3rd period - Stopped by Thomas Greiss with a rebound.
6:28 of 3rd period - Casey Wellman is hit by Erik Condra and loses puck.
8:45 of 3rd period - Slapshot by Mike Duco.
8:45 of 3rd period - Shot Misses the Net.
9:01 of 3rd period - Ben Hanowski is hit by Mike Weber and loses puck.
9:11 of 3rd period - Icing by Casey Wellman.
9:12 of 3rd period - Casey Wellman wins face-off versus Brandon McMillan in Tamiflu zone.
9:17 of 3rd period - Snap shot by Tom Gilbert.
9:17 of 3rd period - Shot Blocked by Philip Samuelsson.
9:19 of 3rd period - Wrist shot by Mike Grier.
9:19 of 3rd period - Shot Misses the Net.
9:21 of 3rd period - Wrist shot by Tanner Glass.
9:21 of 3rd period - Shot Misses the Net.
9:23 of 3rd period - Slapshot by Zach Jones.
9:23 of 3rd period - Deflect By Mike Grier.
9:23 of 3rd period - Goal by Mike Grier - Punishers : 3 - Tamiflu : 4.
9:24 of 3rd period - Éric Perrin wins face-off versus Nate Thompson in neutral zone.
9:27 of 3rd period - Slapshot by Tom Gilbert.
9:27 of 3rd period - Stopped by Thomas Greiss without a rebound.
9:28 of 3rd period - Éric Perrin wins face-off versus Nate Thompson in Tamiflu zone.
9:40 of 3rd period - Icing by Jordan Hendry.
9:41 of 3rd period - Éric Perrin wins face-off versus Nate Thompson in Tamiflu zone.
10:10 of 3rd period - Snap shot by Nate Thompson.
10:10 of 3rd period - Shot Misses the Net.
10:12 of 3rd period - Snap shot by Greg Mauldin.
10:12 of 3rd period - Shot Misses the Net.
10:14 of 3rd period - Snap shot by Greg Mauldin.
10:14 of 3rd period - Stopped by Kevin Poulin with a rebound.
10:16 of 3rd period - Slapshot by Greg Mauldin.
10:16 of 3rd period - Stopped by Kevin Poulin with a rebound.
10:18 of 3rd period - Snap shot by Greg Mauldin.
10:18 of 3rd period - Shot Misses the Net.
10:20 of 3rd period - Snap shot by Jonathan Sigalet.
10:20 of 3rd period - Stopped by Kevin Poulin without a rebound.
10:21 of 3rd period - Éric Perrin wins face-off versus Adam Henrique in Punishers zone.
10:28 of 3rd period - Snap shot by Nate Thompson.
10:28 of 3rd period - Stopped by Kevin Poulin without a rebound.
10:29 of 3rd period - Adam Henrique wins face-off versus Éric Perrin in Punishers zone.
11:16 of 3rd period - Kris Chucko is hit by Nate Thompson.
11:22 of 3rd period - Backhand shot by Kris Chucko.
11:22 of 3rd period - Stopped by Thomas Greiss without a rebound.
11:23 of 3rd period - Éric Perrin wins face-off versus Alex Picard in Tamiflu zone.
12:33 of 3rd period - Wrist shot by Kris Chucko.
12:33 of 3rd period - Shot Misses the Net.
12:35 of 3rd period - Snap shot by Adam Pineault.
12:35 of 3rd period - Shot Misses the Net.
12:37 of 3rd period - Wrist shot by Casey Cizikas.
12:37 of 3rd period - Deflect By Kris Chucko.
12:37 of 3rd period - Punishers goal is going for a video replay.
12:37 of 3rd period - The goal is good.
12:37 of 3rd period - Goal by Kris Chucko - Punishers : 4 - Tamiflu : 4.
12:38 of 3rd period - Éric Perrin wins face-off versus Nate Thompson in neutral zone.
12:41 of 3rd period - Jonathan Sigalet is hit by Brad Isbister and loses puck.
13:11 of 3rd period - Minor Penalty to Rich Clune for Hooking.
13:12 of 3rd period - Éric Perrin wins face-off versus Nate Thompson in Tamiflu zone.
13:22 of 3rd period - Slapshot by Tom Gilbert.
13:22 of 3rd period - Stopped by Thomas Greiss without a rebound.
13:23 of 3rd period - Nate Thompson wins face-off versus Éric Perrin in Tamiflu zone.
13:51 of 3rd period - Icing by Mike Grier.
13:52 of 3rd period - Nate Thompson wins face-off versus Brandon McMillan in Punishers zone.
14:08 of 3rd period - Off-side.
14:09 of 3rd period - Brad Isbister wins face-off versus Greg Mauldin in neutral zone.
14:22 of 3rd period - Nate Thompson is hit by Éric Perrin and loses puck.
15:11 of 3rd period - Penalty to Rich Clune is over, Rich Clune is back on ice.
15:23 of 3rd period - Snap shot by Ben Hanowski.
15:23 of 3rd period - Stopped by Kevin Poulin with a rebound.
16:59 of 3rd period - Mike Duco is hit by Brad Isbister and loses puck.
17:17 of 3rd period - Teemu Laakso is hit by Zach Jones and loses puck.
17:28 of 3rd period - Greg Mauldin is hit by Tom Gilbert.
18:38 of 3rd period - Nathan Oystrick is hit by Mike Weber.
Goals for this period are 2 for Punishers vs 0 for Tamiflu.
Shots for this period are 14 for Punishers vs 7 for Tamiflu.
Overtime #1
0:01 of 1st overtime period - Éric Perrin wins face-off versus Nate Thompson in neutral zone.
0:08 of 1st overtime period - Slapshot by Tom Gilbert.
0:08 of 1st overtime period - Stopped by Thomas Greiss with a rebound.
0:10 of 1st overtime period - Wrist shot by Tom Gilbert.
0:10 of 1st overtime period - Stopped by Thomas Greiss with a rebound.
0:12 of 1st overtime period - Slapshot by Mike Weber.
0:12 of 1st overtime period - Deflect By Nate Thompson.
0:12 of 1st overtime period - Stopped by Thomas Greiss with a rebound.
0:14 of 1st overtime period - Snap shot by Éric Perrin.
0:14 of 1st overtime period - Stopped by Thomas Greiss with a rebound.
0:16 of 1st overtime period - Slapshot by Tom Gilbert.
0:16 of 1st overtime period - Stopped by Thomas Greiss without a rebound.
0:17 of 1st overtime period - Nate Thompson wins face-off versus Éric Perrin in Tamiflu zone.
0:58 of 1st overtime period - Snap shot by Carson Mcmillan.
0:58 of 1st overtime period - Shot Misses the Net.
1:04 of 1st overtime period - Slapshot by Justin Falk.
1:04 of 1st overtime period - Stopped by Thomas Greiss with a rebound.
1:22 of 1st overtime period - Snap shot by Adam Henrique.
1:22 of 1st overtime period - Shot Blocked by Éric Perrin.
1:24 of 1st overtime period - Slapshot by Adam Henrique.
1:24 of 1st overtime period - Deflect By Mike Duco.
1:24 of 1st overtime period - Deflect By Éric Perrin.
1:24 of 1st overtime period - Stopped by Kevin Poulin with a rebound.
1:26 of 1st overtime period - Wrist shot by Mike Duco.
1:26 of 1st overtime period - Stopped by Kevin Poulin with a rebound.
1:28 of 1st overtime period - Slapshot by Mike Duco.
1:28 of 1st overtime period - Stopped by Kevin Poulin with a rebound.
1:30 of 1st overtime period - Slapshot by Adam Henrique.
1:30 of 1st overtime period - Shot Misses the Net.
3:14 of 1st overtime period - Icing by Alex Picard.
3:15 of 1st overtime period - Nate Thompson wins face-off versus Kris Chucko in Tamiflu zone.
4:08 of 1st overtime period - Snap shot by Tanner Glass.
4:08 of 1st overtime period - Stopped by Thomas Greiss with a rebound.
4:10 of 1st overtime period - Snap shot by Tanner Glass.
4:10 of 1st overtime period - Shot Blocked by Adam Henrique.
4:29 of 1st overtime period - Icing by Adam Pineault.
4:30 of 1st overtime period - Greg Mauldin wins face-off versus Kris Chucko in Punishers zone.
4:53 of 1st overtime period - Adam Pineault is hit by Carson Mcmillan and loses puck.
Goals for this period are 0 for Punishers vs 0 for Tamiflu.
Shots for this period are 7 for Punishers vs 3 for Tamiflu.
ShootOut
5:00 of 1st overtime period - Penalty Shot by Éric Perrin for Punishers.
5:00 of 1st overtime period - Deke by Éric Perrin.
5:00 of 1st overtime period - Stopped by Thomas Greiss.
5:00 of 1st overtime period - Penalty Shot by Nate Thompson for Tamiflu.
5:00 of 1st overtime period - Snap shot by Nate Thompson.
5:00 of 1st overtime period - Stopped by Kevin Poulin.
5:00 of 1st overtime period - Penalty Shot by Brad Isbister for Punishers.
5:00 of 1st overtime period - Deke by Brad Isbister.
5:00 of 1st overtime period - Goal by Brad Isbister.
5:00 of 1st overtime period - Penalty Shot by Alex Picard for Tamiflu.
5:00 of 1st overtime period - Wrist shot by Alex Picard.
5:00 of 1st overtime period - Shot Misses the Net.
5:00 of 1st overtime period - Penalty Shot by Richard Zednik for Punishers.
5:00 of 1st overtime period - Deke by Richard Zednik.
5:00 of 1st overtime period - Stopped by Thomas Greiss.
5:00 of 1st overtime period - Penalty Shot by Greg Mauldin for Tamiflu.
5:00 of 1st overtime period - Snap shot by Greg Mauldin.
5:00 of 1st overtime period - Goal by Greg Mauldin.
5:00 of 1st overtime period - Penalty Shot by Tanner Glass for Punishers.
5:00 of 1st overtime period - Deke by Tanner Glass.
5:00 of 1st overtime period - Shot Hit the Post.
5:00 of 1st overtime period - Penalty Shot by Carson Mcmillan for Tamiflu.
5:00 of 1st overtime period - Deke by Carson Mcmillan.
5:00 of 1st overtime period - Stopped by Kevin Poulin.
5:00 of 1st overtime period - Penalty Shot by Kris Chucko for Punishers.
5:00 of 1st overtime period - Backhand shot by Kris Chucko.
5:00 of 1st overtime period - Stopped by Thomas Greiss.
5:00 of 1st overtime period - Penalty Shot by Petr Pohl for Tamiflu.
5:00 of 1st overtime period - Snap shot by Petr Pohl.
5:00 of 1st overtime period - Shot Misses the Net.
5:00 of 1st overtime period - Penalty Shot by Mike Grier for Punishers.
5:00 of 1st overtime period - Wrist shot by Mike Grier.
5:00 of 1st overtime period - Stopped by Thomas Greiss.
5:00 of 1st overtime period - Penalty Shot by Mattias Tedenby for Tamiflu.
5:00 of 1st overtime period - Deke by Mattias Tedenby.
5:00 of 1st overtime period - Shot Misses the Net.
5:00 of 1st overtime period - Penalty Shot by Adam Pineault for Punishers.
5:00 of 1st overtime period - Backhand shot by Adam Pineault.
5:00 of 1st overtime period - Goal by Adam Pineault.
5:00 of 1st overtime period - Penalty Shot by Jonathan Sigalet for Tamiflu.
5:00 of 1st overtime period - Backhand shot by Jonathan Sigalet.
5:00 of 1st overtime period - Goal by Jonathan Sigalet.
5:00 of 1st overtime period - Penalty Shot by Erik Condra for Punishers.
5:00 of 1st overtime period - Wrist shot by Erik Condra.
5:00 of 1st overtime period - Shot Misses the Net.
5:00 of 1st overtime period - Penalty Shot by Ben Hanowski for Tamiflu.
5:00 of 1st overtime period - Wrist shot by Ben Hanowski.
5:00 of 1st overtime period - Goal by Ben Hanowski.
Output by the SimonT Hockey Simulator (STHS) for François Prévost -- Original Page W3C XHTML 1.0 Valid